 Dungeon Crawl Stone Soup version 0.27.1-35-g4d5d836560 (webtiles) character file.

Game seed: 13677063098282343164

4099 Delamore the Chucker (level 10, -21/71 HPs)
             Began as an Octopode Brigand on June 26, 2022.
             Was an Initiate of Gozag.
             Demolished by a two-headed ogre (33 damage)
             ... on level 8 of the Dungeon.
             The game lasted 00:14:11 (10601 turns).

Delamore the Chucker (Octopode Brigand)            Turns: 10601, Time: 00:14:12

Health: -21/71     AC:  3    Str: 17 (18) XL:     10   Next: 26%
Magic:  5/17       EV: 15    Int: 13 (14) God:    Gozag
Gold:   645        SH:  0    Dex: 18 (19) Spells: 17/19 levels left

rFire    . . .     SeeInvis .   a - +2 dagger
rCold    . . .     Faith    .   (no shield)
rNeg     . . .     Spirit   .   (helmet restricted)
rPois    .         Reflect  .   (no amulet)
rElec    .         Harm     .   g - +6 ring of strength
rCorr    .         Rampage  .   (no ring)
Will     .....                  (no ring)
Stlth    ++++......             (no ring)
HPRegen  0.21/turn              (no ring)
MPRegen  0.15/turn              (no ring)
                                (no ring)
                                (no ring)

@: gold aura
A: almost no armour, amphibious, 8 rings, camouflage 1, gelatinous body 1,
(nimble swimmer 1), tentacles, iridescent scales 1, agile 1, deterioration 1,
strong 1
a: Renounce Religion, Potion Petition, Call Merchant, Bribe Branch


You were on level 8 of the Dungeon.
You worshipped Gozag.
Gozag was pleased with you.
You visited 2 branches of the dungeon, and saw 9 of its levels.
You also visited: Ossuary.

You collected 2149 gold pieces.
You paid 1504 gold pieces to Gozag.

Inventory:

Hand Weapons
 a - a +2 dagger (weapon)
 o - a +0 rapier of flaming
 A - a +2 short sword of draining
Missiles
 b - 45 poisoned darts
 c - 7 curare-tipped darts (quivered)
 h - 259 stones
 p - 3 boomerangs
 q - a throwing net
 y - 3 javelins
Armour
 z - a +0 tower shield
Jewellery
 g - a +6 ring of strength (left tentacle)
 r - a ring of ice
Scrolls
 e - 3 scrolls of magic mapping
 f - 3 scrolls of fog
 k - 2 scrolls of enchant armour
 n - 3 scrolls of brand weapon
 s - 2 scrolls of amnesia
 t - 2 scrolls of noise {unknown}
 u - 2 scrolls of immolation {unknown}
 v - a scroll of holy word {unknown}
 w - 2 scrolls of summoning {unknown}
Potions
 d - a potion of flight {unknown}
 i - 3 potions of curing
 j - a potion of mutation
 l - a potion of degeneration
 m - 4 potions of berserk rage
 x - a potion of heal wounds


   Skills:
 + Level 7.4 Fighting
 - Level 5.0 Short Blades
 - Level 7.8 Throwing
 - Level 5.0 Dodging
 - Level 5.3 Stealth
 - Level 5.0 Spellcasting
 + Level 4.9 Conjurations


You had 17 spell levels left.
You knew the following spells:

 Your Spells              Type           Power      Damage    Failure   Level
a - Searing Ray           Conj           32%        3d4       3%          2

Your spell library contained the following spells:

 Spells                   Type           Power      Damage    Failure   Level
 Magic Dart               Conj           64%        1d6       2%          1
 Call Imp                 Summ           3%         N/A       28%         2
 Slow                     Hex            3%         N/A       28%         2
 Mephitic Cloud           Conj/Pois/Air  7%         N/A       28%         3
 Confusing Touch          Hex            3%         N/A       50%         3
 Vampiric Draining        Necr           1%         2d6       50%         3
 Fulminant Prism          Conj/Hex       4%         3d6       56%         4
 Airstrike                Air            1%         N/A       88%         4
 Summon Lightning Spire   Summ/Air       3%         N/A       88%         4
 Lightning Bolt           Conj/Air       4%         1d16      88%         5


Dungeon Overview and Level Annotations

Branches:
Dungeon (8/15)             Temple (1/1) D:5         Ossuary (visited)
   Lair: D:8-11

Altars:
Fedhas
Gozag
Kikubaaqudgha
Nemelex Xobeh
Qazlal
Ru
Trog
Uskayaw
Vehumet
Xom
Yredelemnul
Zin
The Shining One

Shops:
D:5 (=

Annotations:
D:4 Dowan, Duvessa


Innate Abilities, Weirdness & Mutations

You cannot wear most types of armour.
You are amphibious.
You can wear up to eight rings at the same time.
Your skin changes colour to match your surroundings (Stealth+).
Your rubbery body absorbs attacks. (AC +1, EV +1)
((You are camouflaged near water. (Stealth+)))
You have tentacles for arms and can constrict up to eight enemies at once.
You are partially covered in iridescent scales. (AC +2)
You are agile. (Dex +2)
Your body sometimes deteriorates upon taking damage.
Your muscles are strong. (Str +2)


Message History

The two-headed ogre seems to slow down.
The two-headed ogre is moderately wounded.
The two-headed ogre closely misses you. The two-headed ogre barely misses you.
You kill the orc priest!
Casting: Searing Ray (safe; 3% risk of failure)
Confirm with . or Enter, or press ? or * to list all spells.
Aiming: Searing Ray (safe; 3% risk of failure)
Press: ? - help, Shift-Dir - straight line, f/p - two-headed ogre
Aim: a two-headed ogre, wielding a +0 vorpal dire flail and a +0 giant spiked club (moderately wounded, very poisoned, slow, 89% to hit)
The searing ray hits the two-headed ogre.
The two-headed ogre is moderately wounded. (Press . to maintain the ray.)
Casting: Searing Ray (safe; 3% risk of failure)
Confirm with . or Enter, or press ? or * to list all spells.
Restarting spell: Searing Ray (safe; 3% risk of failure)
Press: ? - help, Shift-Dir - straight line, f - orc warrior, p - two-headed ogre
Aim: an orc warrior, wielding a +0 short sword, wearing a +0 plate armour and quivering silver boomerangs (heavily wounded, very poisoned, 78% to hit)
The searing ray hits the two-headed ogre.
The two-headed ogre is heavily wounded.
The searing ray hits the orc!
You kill the orc!
The searing ray hits the orc warrior but does no damage.
The orc warrior is heavily wounded. (Press . to maintain the ray.)
The searing ray hits the two-headed ogre.
The two-headed ogre is heavily wounded.
The searing ray misses the orc warrior.
The two-headed ogre misses you.
The two-headed ogre hits you with a +0 giant spiked club!
Your body deteriorates!
You feel dopey.
The searing ray misses the two-headed ogre.
The searing ray hits the orc warrior but does no damage.
The orc warrior is heavily wounded.
The orc warrior is distracted by your dazzling golden aura.
The two-headed ogre hits you with a +0 vorpal dire flail!
* * * LOW HITPOINT WARNING * * *
Your body deteriorates!
You feel clumsy.
* * * LOW HITPOINT WARNING * * *
The two-headed ogre hits you with a +0 giant spiked club!!
You die...
Your body crumbles into a pile of gold.

########## #####
#........#
...)..###........#
......$oO@.......####
......###...........######
##((# #.................
## #############.###.
#....#. #.$$...
######..### .........(.
#.#####$..#


You could see a two-headed ogre (very poisoned, slow) and an orc warrior
(unaware, poisoned).

Vanquished Creatures
  Maggie (D:6)
  A kobold demonologist (D:6)
  An acid dragon (D:8)
  A black bear (D:8)
  A sky beast (D:7)
  2 necrophages (D:6)
  4 ogres
  A phantom (D:7)
  3 kobold brigands
  4 bullfrogs
  17 scorpions
  3 wights (D:7)
  2 centaur zombies
  6 hounds
  2 human zombies
  2 jellies
  A gnoll shaman (D:4)
  2 orc priests
  2 iguanas (D:5)
  Natasha (thrice) (D:2)
  2 orc wizards (D:7)
  6 scorpion zombies (Ossuary)
  3 mummies (Ossuary)
  3 howler monkey skeletons
  7 gnolls
  8 adders
  A white imp (D:7)
  A worm (D:4)
  3 dart slugs
  25 orcs
  5 ball pythons
  4 endoplasms
  7 giant cockroaches
  A goblin (D:1)
  6 hobgoblins
  4 jackals (D:2)
  19 kobolds
  4 quokkas
  3 bats (D:1)
  3 frilled lizards
  3 gnoll zombies (Ossuary)
  A goblin zombie (Ossuary)
  4 hobgoblin zombies (Ossuary)
  A kobold zombie (Ossuary)
  3 orc zombies (Ossuary)
  7 rats
193 creatures vanquished.

Notes
Turn   | Place    | Note
-------+----------+-------------------------------------------
     0 | D:1      | Delamore the Octopode Brigand began the quest for the Orb.
     0 | D:1      | Reached XP level 1. HP: 14/14 MP: 1/1
    50 | D:1      | Found a faded altar of an unknown god.
   113 | D:1      | Reached XP level 2. HP: 12/19 MP: 2/2
   780 | D:1      | Reached XP level 3. HP: 20/25 MP: 3/3
  1438 | D:2      | Noticed Natasha
  1440 | D:2      | Killed Natasha
  1441 | D:2      | Reached XP level 4. HP: 30/30 MP: 4/4
  1679 | D:2      | Reached XP level 5. HP: 33/36 MP: 5/5
  1940 | D:2      | Noticed Natasha
  1945 | D:2      | Killed Natasha
  2075 | D:2      | Noticed Natasha
  2085 | D:2      | Killed Natasha
  2770 | D:3      | Found an ancient bone altar of Kikubaaqudgha.
  3316 | D:4      | Reached XP level 6. HP: 34/42 MP: 6/6
  3844 | D:4      | Reached skill level 5 in Short Blades
  3921 | D:4      | Noticed Duvessa
  3923 | D:4      | Noticed Dowan
  3923 | D:4      | Noticed a necrophage
  3969 | D:3      | Reached XP level 7. HP: 18/48 MP: 7/7
  4380 | D:4      | Found a shimmering altar of Xom.
  4556 | D:5      | Entered Level 5 of the Dungeon
  4581 | D:5      | Found a staircase to the Ecumenical Temple.
  4593 | Temple   | Entered the Ecumenical Temple
  4603 | Temple   | Became a worshipper of Gozag Ym Sagoz the Greedy
  4718 | D:5      | Reached skill level 5 in Fighting
  4743 | D:5      | Reached skill level 5 in Dodging
  4765 | D:5      | Found a sand-covered staircase.
  4776 | D:5      | Reached skill level 1 in Spellcasting
  4828 | Ossuary  | Entered an ossuary
  5021 | Ossuary  | Reached XP level 8. HP: 55/55 MP: 10/10
  5078 | Ossuary  | Gained mutation: You are partially covered in iridescent
                  | scales. (AC +2) [potion of mutation]
  5078 | Ossuary  | Gained mutation: You are agile. (Dex +2) [potion of
                  | mutation]
  5078 | Ossuary  | Gained mutation: Your body sometimes deteriorates upon
                  | taking damage. [potion of mutation]
  5078 | Ossuary  | Gained mutation: Your muscles are strong. (Str +2) [potion
                  | of mutation]
  5601 | Ossuary  | Reached skill level 5 in Throwing
  5643 | Ossuary  | Reached XP level 9. HP: 37/61 MP: 15/15
  6070 | D:5      | Identified a scroll of acquirement
  6071 | D:5      | Acquired 1060 gold pieces
  6088 | D:5      | Reached skill level 5 in Spellcasting
  6091 | D:5      | Learned a level 2 spell: Searing Ray
  6328 | D:5      | Reached skill level 1 in Conjurations
  7574 | D:6      | Noticed a kobold demonologist
  7584 | D:6      | Noticed an orange demon
  7587 | D:6      | Killed a kobold demonologist
  7735 | D:6      | Found a glowing golden altar of the Shining One.
  7807 | D:6      | Found a blossoming altar of Fedhas.
  8057 | D:6      | Noticed Maggie
  8066 | D:6      | Killed Maggie
  8792 | D:7      | Reached XP level 10. HP: 60/68 MP: 17/17
  9070 | D:7      | Found a bloodstained altar of Trog.
  9266 | D:7      | Found a sparkling altar of Nemelex Xobeh.
 10588 | D:8      | Noticed a two-headed ogre
 10601 | D:8      | Demolished by a two-headed ogre

Illustrated notes

Levels and vault maps discovered:
D:1:      nzn_arrival_settlement, layout_basic,
          hellmonk_ecumenical_altar_lost_god, hangedman_decor_clover_reticule
D:2:      layout_basic, uniq_natasha
D:3:      layout_basic, pf_just_have_faith
D:4:      layout_loops_cross, mainiacjoe_overflow_tiny_flanked,
          chequers_serial_rivers_small_b, supply_closet_lemuel, uniq_duvessa
D:5:      layout_gridville, minmay_temple_entry_grid, enter_ossuary_3,
          minmay_misc_feat_tiny, roderic_lattice_a
D:6:      layout_basic, nicolae_tso_carved_into_rock,
          mainiacjoe_overflow_chevrons, kennysheep_donut, serial_park_tiny_pond,
          uniq_maggie
D:7:      layout_basic, nemelex_diamond_rough_becter, kennysheep_mini_moat,
          lemuel_flame_loot_1
D:8:      layout_rooms, david_lair_generic, minmay_holes
Temple:   nicolae_temple_great_sept

Skill      XL: |  1  2  3  4  5  6  7  8  9 10 |
---------------+-------------------------------+-----
Short Blades   | 3 4 5 |  5.0
Dodging        | 2 3 5 |  5.0
Fighting       | 3 4 5 6 7 |  7.4
Spellcasting   | 1 4 5 |  5.0
Throwing       | 3 5 7 |  7.8
Conjurations   | 3 4 |  4.9
Stealth        | |  5.3

Action                   |  1- 3 |  4- 6 |  7- 9 | 10-12 || total
-------------------------+-------+-------+-------+-------++-------
Melee: Dagger            |    66 |   112 |   268 |    30 ||   476
       Constrict         |    14 |    29 |    51 |     8 ||   102
       Tentacles         |     8 |    28 |    87 |     5 ||   128
Throw: Dart              |     4 |     7 |    13 |    10 ||    34
       Boomerang         |       |       |    17 |       ||    17
       Stone             |       |       |     9 |       ||     9
 Cast: Searing Ray       |       |       |     4 |     8 ||    12
Invok: Call Merchant     |       |       |     2 |       ||     2
  Use: Scroll            |       |     1 |     6 |     2 ||     9
       Potion            |       |     1 |     4 |       ||     5
 Stab: Sleeping          |    11 |    14 |    15 |     7 ||    47
Armor: Skin              |     4 |     3 |    23 |     4 ||    34
Dodge: Dodged            |    26 |    65 |   167 |    31 ||   289
